 Dungeon Crawl Stone Soup version 0.29.1-2-gbd0b4ee654 (webtiles) character file.

Game seed: 14202655749745316518

2 zeram the Shield-Bearer (level 1, -4/20 HPs)
             Began as a Djinni Fighter on Nov 10, 2022.
             Slain by a gnoll
             ... wielding a +0 spear
              (6 damage)
             ... on level 1 of the Dungeon.
             The game lasted 00:00:18 (185 turns).

zeram the Shield-Bearer (Djinni Fighter)             Turns: 185, Time: 00:00:19

Health: -4/20      AC:  6    Str: 15    XL:     1   Next: 33%
Gold:   0          EV:  8    Int:  9    God:
                   SH:  4    Dex: 12

rFire   + + .      SeeInvis .   a - +0 long sword
rCold   x . .      Faith    .   c - +0 buckler
rNeg    . . .      Spirit   .   b - +0 scale mail
rPois   ∞          Reflect  .   (no helmet)
rElec   .          Harm     .   (no cloak)
rCorr   .          Rampage  .   (no gloves)
Will    .....                   (boots unavailable)
Stlth   ..........              (no amulet)
HPRegen 0.06/turn               (no ring)
MPRegen 0.00/turn               (no ring)

@: flying
A: sickness immunity, fire resistance 2, cold vulnerability 1, float, innate
caster, HP casting, extra vitality 1
a: no special abilities


You were on level 1 of the Dungeon.
You visited 1 branch of the dungeon, and saw 1 of its levels.

Inventory:

Hand Weapons
 a - a +0 long sword (weapon)
Armour
 b - a +0 scale mail (worn)
 c - a +0 buckler (worn)
Scrolls
 f - 2 scrolls of fear {unknown}
Potions
 d - a potion of might
 e - a potion of ambrosia {unknown}


   Skills:
 + Level 3.0 Fighting
 + Level 1.7 Long Blades
 + Level 3.0 Armour
 + Level 3.0 Shields


You couldn't memorise any spells.
You didn't know any spells.
Your spell library was empty.

Dungeon Overview and Level Annotations

Branches:
Dungeon (1/15)

Altars:


Innate Abilities, Weirdness & Mutations

You are immune to sickness and miasma.
You are immune to poison.
Your flesh is very heat resistant. (rF++)
You are vulnerable to cold. (rC-)
You float through the air rather than walking.
You learn spells naturally, not from books.
Your magical power is your life essence.
You have superior vitality. (+4 MHP)


Message History

The hobgoblin barely misses you.
You closely miss the hobgoblin. The bat hits you.
You block the hobgoblin's attack. The gnoll barely misses you.
You barely miss the bat. The bat closely misses you.
The gnoll hits you from afar with a +0 spear.
The hobgoblin barely misses you. The bat hits you but does no damage.
You hit the hobgoblin but do no damage. The bat closely misses you.
The gnoll hits you from afar with a +0 spear!
The hobgoblin hits you. The hobgoblin barely misses you.
The gnoll barely misses you.
You are too injured to fight recklessly!
The hobgoblin attacks as you move away!
The hobgoblin hits you but does no damage.
You block the bat's attack. The bat hits you but does no damage.
There is a stone staircase leading down here.
The bat attacks as you move away! The bat hits you but does no damage. x2
There is an open door here.
The bat hits you but does no damage.
You miss the bat. The bat hits you but does no damage. x2
The bat barely misses you. The bat hits you but does no damage.
The gnoll hits you with a +0 spear.
* * * LOW HITPOINT WARNING * * *
You block the hobgoblin's attack.
There is an open door here.
You hit the gnoll.
The gnoll is lightly wounded.
You block the bat's attack. The gnoll barely misses you.
The hobgoblin hits you but does no damage.
Unknown command.
You slash the gnoll!
The gnoll is severely wounded.
The bat hits you but does no damage. The gnoll closely misses you.
The hobgoblin hits you but does no damage. x2
The gnoll closely misses you.
Unknown command.
You hit the gnoll.
The gnoll is almost dead.
The bat barely misses you. You block the hobgoblin's attack.
The gnoll hits you with a +0 spear.
You die...

#. ....#..## #.. #........ #..#
#........ #...###........
##.....#........ .......#.......
###........# ........gbg#
#########@######## +...
#..........# ##.[.#####
#..........# .....#...#
#..........# .....#...#
#..........#
#....#...#####..........#
#.................####### #+#
#........##.#######...#### #.###
#........##.####.........####...†


You could see a gnoll, a hobgoblin and a bat.

Vanquished Creatures
  A quokka (D:1)
  A rat (D:1)
2 creatures vanquished.

Notes
Turn   | Place    | Note
-------+----------+-------------------------------------------
     0 | D:1      | zeram the Djinni Fighter began the quest for the Orb.
     0 | D:1      | Reached XP level 1. HP: 20/20 MP: 0/0
   185 | D:1      | Slain by a gnoll

Illustrated notes

Levels and vault maps discovered:
D:1:      dpeg_arrival_rhombus, layout_basic, chequers_ecumenical_altar_twisty,
          serial_shops, shop

Action                   || total
-------------------------++-------
Melee: Long sword        ||    20
Armor: Scale mail        ||    18
Dodge: Dodged            ||    21
Block: Buckler           ||     9
